 Dungeon Crawl Stone Soup version 0.29-a0-1009-g60c99734e7 (webtiles) character file.

Game seed: 12716902818366197443

425 Manisian the Caller (level 6, -1/33 HPs)
             Began as a Tengu Summoner on Aug 8, 2022.
             Slain by a scorpion (5 damage)
             ... on level 4 of the Dungeon.
             The game lasted 00:06:43 (3172 turns).

Manisian the Caller (Tengu Summoner)                Turns: 3172, Time: 00:06:44

Health: -1/33      AC:  2    Str:  8    XL:     6   Next: 96%
Magic:  18/22      EV: 15    Int: 17    God:
Gold:   169        SH:  0    Dex: 15    Spells: 4/13 levels left

rFire   . . .      SeeInvis .   l - +1 scythe
rCold   . . .      Faith    .   (shield currently unavailable)
rNeg    . . .      Spirit   .   a - +0 robe
rPois   .          Reflect  .   (helmet restricted)
rElec   .          Harm     .   (no cloak)
rCorr   .          Rampage  .   (no gloves)
Will    .....                   (boots unavailable)
Stlth   +++.......              (no amulet)
HPRegen 0.11/turn               r - ring of magical power
MPRegen 0.18/turn               (no ring)

@: lethally poisoned (-1 -> -3), flying quickly and evasively, quick
A: beak, talons 3, nimble flight
a: no special abilities


You were on level 4 of the Dungeon.
You visited 1 branch of the dungeon, and saw 4 of its levels.

You collected 169 gold pieces.

Inventory:

Hand Weapons
 j - a +0 trident
 l - a +1 scythe (weapon)
Armour
 a - a +0 robe (worn)
Jewellery
 r - a ring of magical power (left hand)
Scrolls
 d - 2 scrolls of amnesia
 f - a scroll of magic mapping {unknown}
 g - a scroll of teleportation
 h - a scroll of identify
Potions
 b - a potion of magic
 c - 2 potions of flight
 e - 2 potions of lignification
 m - 2 potions of cancellation
 n - a potion of attraction {unknown}
 p - a potion of might


   Skills:
 + Level 0.9 Fighting
 + Level 1.9 Polearms
 + Level 2.7 Dodging
 + Level 3.8 Stealth
 + Level 0.1 Unarmed Combat
 + Level 4.0 Spellcasting
 + Level 0.1 Hexes
 + Level 6.6 Summonings


You had 4 spell levels left.
You knew the following spells:

 Your Spells              Type           Power      Damage    Failure   Level
a - Summon Small Mammal   Summ           100%       N/A       1%          1
b - Call Imp              Summ           25%        N/A       1%          2
c - Call Canine Familiar  Summ           25%        N/A       3%          3
d - Summon Guardian Gole  Hex/Summ       14%        N/A       12%         3

Your spell library contained the following spells:

 Spells                   Type           Power      Damage    Failure   Level
 Magic Dart               Conj           12%        1d3       16%         1
 Shock                    Conj/Air       12%        1d3       16%         1
 Summon Lightning Spire   Summ/Air       14%        N/A       38%         4
 Mephitic Cloud           Conj/Pois/Air  3%         N/A       43%         3
 Swiftness                Air            3%         N/A       43%         3
 Airstrike                Air            1%         2d(1-17)  83%         4


Dungeon Overview and Level Annotations

Branches:
Dungeon (4/15)
 Temple: D:4-7

Altars:
Ashenzari
Cheibriados
Fedhas
Qazlal
Ru
Trog
Vehumet

Shops:
D:3 *

Annotations:
D:4 Natasha


Innate Abilities, Weirdness & Mutations

You have a beak for a mouth.
You have claws for feet.
Your magical nature lets you fly swiftly and evasively.


Message History

Natasha glows brightly for a moment.
Natasha closely misses you. Natasha barely misses you.
You barely miss Natasha. Your kick misses Natasha. Your peck misses Natasha.
Natasha is lightly wounded.
Natasha claws you. The scorpion barely misses you.
You hit Natasha. You claw Natasha, but do no damage.
Natasha is heavily wounded.
The scorpion stings you.
You are poisoned.
The scorpion poisons you! Natasha claws you. The scorpion closely misses you.
You are too injured to fight recklessly!
You feel better. Natasha closely misses you. The scorpion stings you.
You are poisoned.
The scorpion poisons you! Natasha attacks as you move away!
Natasha completely misses you. The scorpion attacks as you move away!
The scorpion barely misses you.
You feel very sick. Natasha claws you.
You feel sick.
* * * LOW HITPOINT WARNING * * *
You feel sick. Natasha attacks as you move away! Natasha claws you.
* * * LOW HITPOINT WARNING * * *
x2 You feel sick.
Unknown command.
It was a potion of heal wounds.
You feel much better.
You feel sick. The scorpion closely misses you. Natasha claws you!
Natasha attacks as you move away! Natasha claws you.
You feel sick. Natasha casts a spell at you. The magic dart hits you!
* * * LOW HITPOINT WARNING * * *
Reach: l) +1 scythe
Press: ? - help, Dir - move target, f - Natasha
Aim: Natasha (heavily wounded, about 60% to evade your +1 scythe)
You reach to attack!
You barely miss Natasha.
Natasha is heavily wounded.
You feel sick.
Natasha stares at you and mumbles some strange words.
You resist with some effort. The scorpion stings you.
You die...

....... #######.......
#...........<.
#.............
#.............
#####............. ..#
#.....§§..h....... #.#
#.###.)s§§§§≈....# #.#
#.##..≈§@§§§##...# #.#
#.#.§≈≈§##### ##.. #.# #
#.#)≈≈≈≈#.## ##§≈.##.#.#
#...§≈§≈#.. #≈§§..#.#.##
#..≈≈≈≈≈#.###≈≈§≈§.#<....
#..######.#≈≈≈§§≈§.#.###.
#.........# ≈≈§≈§≈...#
##.######.# ≈≈≈≈≈...# #.§
#.#####≈≈≈§..#


You could see a scorpion and Natasha.

Vanquished Creatures
  Edmund (D:4)
  3 worms
  A dart slug (D:3)
  5 bats
  3 endoplasms (D:3)
  2 giant cockroaches
  4 goblins (D:3)
  5 hobgoblins
  A quokka (D:4)
  4 ball pythons
  3 frilled lizards (D:1)
  A kobold (D:4)
  3 rats (D:3)
36 creatures vanquished.

Vanquished Creatures (collateral kills)
  Sigmund (D:2)
  Robin (D:3)
  A gnoll (D:1)
  2 endoplasms
  2 giant cockroaches (D:2)
  7 goblins
  3 hobgoblins (D:2)
  6 kobolds
  A ball python (D:1)
  5 bats
  2 frilled lizards (D:1)
  2 rats (D:1)
33 creatures vanquished.

Vanquished Creatures (others)
  Crazy Yiuf (D:2)
1 creature vanquished.

Grand Total: 70 creatures vanquished

Notes
Turn   | Place    | Note
-------+----------+-------------------------------------------
     0 | D:1      | Manisian the Tengu Summoner began the quest for the Orb.
     0 | D:1      | Reached XP level 1. HP: 10/10 MP: 4/4
    98 | D:1      | Reached skill level 5 in Summonings
   222 | D:1      | Reached XP level 2. HP: 15/15 MP: 3/6
   231 | D:1      | Learned a level 2 spell: Call Imp
   303 | D:1      | Found a faded altar of an unknown god.
   629 | D:1      | Reached XP level 3. HP: 19/19 MP: 1/7
   643 | D:1      | Learned a level 3 spell: Call Canine Familiar
  1506 | D:2      | Noticed Sigmund
  1527 | D:2      | Killed Sigmund
  1528 | D:2      | Reached skill level 1 in Polearms
  1528 | D:2      | Reached skill level 6 in Summonings
  1528 | D:2      | Reached XP level 4. HP: 15/24 MP: 1/9
  1528 | D:2      | Gained mutation: Your magical nature lets you fly swiftly
                  | and evasively. [Tengu growth]
  1528 | D:2      | Reached XP level 5. HP: 18/28 MP: 1/10
  1534 | D:2      | Learned a level 3 spell: Summon Guardian Golem
  1674 | D:2      | Found a broken altar of Ashenzari.
  1804 | D:2      | Found a runed translucent door.
  1805 | D:2      | Noticed Crazy Yiuf
  1823 | D:2      | Killed Crazy Yiuf
  1824 | D:2      | Reached XP level 6. HP: 33/33 MP: 9/12
  1969 | D:3      | Found Cuam's General Store.
  2135 | D:3      | Found a blossoming altar of Fedhas.
  2164 | D:3      | Found a sacrificial altar of Ru.
  2171 | D:3      | Found a radiant altar of Vehumet.
  2173 | D:3      | Found a stormy altar of Qazlal.
  2270 | D:3      | Noticed Robin
  2290 | D:3      | Killed Robin
  2726 | D:3      | Found a snail-covered altar of Cheibriados.
  2926 | D:3      | Found a faded altar of an unknown god.
  2930 | D:3      | Found a bloodstained altar of Trog.
  3073 | D:4      | Noticed Edmund
  3126 | D:4      | Killed Edmund
  3133 | D:4      | Noticed Natasha
  3172 | D:4      | Slain by a scorpion

Illustrated notes

Levels and vault maps discovered:
D:1:      minmay_arrival_split_and_join, layout_basic,
          hellmonk_ecumenical_altar_blasted
D:2:      layout_rooms, basic_altar, hex_tiny, uniq_crazy_yiuf_cottage,
          uniq_sigmund
D:3:      minmay_inner_zag, layout_rooms, cheibrodos_worm_habitat,
          nicolae_overflow_ecumenical_swirl,
          mainiacjoe_overflow_small_starburst, minitemple, serial_shops, shop,
          st_stairs_13, uniq_robin
D:4:      corexii_shantytown, layout_basic, minmay_misc_feat_doors, st_stairs_6,
          serial_park_tiny_1, grunt_decor_junction,
          minmay_fractal_squares_gapless_5, uniq_natasha, uniq_menkaure,
          uniq_edmund

Skill      XL: |  1  2  3  4  5  6 |
---------------+-------------------+-----
Summonings     | 5 6 |  6.6
Polearms       | 1 |  1.9
Stealth        | 3 |  3.8
Spellcasting   | 3 4 |  4.0
Fighting       | |  0.9
Dodging        | |  2.7
Unarmed Combat | |  0.1
Hexes          | |  0.1

Action                   |  1- 3 |  4- 6 || total
-------------------------+-------+-------++-------
Melee: Unarmed           |     9 |       ||     9
       Kick              |     5 |    14 ||    19
       Spear             |    14 |       ||    14
       Peck              |     5 |     8 ||    13
       Trident           |     2 |       ||     2
       Halberd           |       |    60 ||    60
 Cast: Summon Small Mamm |    25 |     5 ||    30
       Call Imp          |     7 |     2 ||     9
       Call Canine Famil |     1 |     2 ||     3
       Summon Guardian G |       |     4 ||     4
  Use: Scroll            |     1 |     8 ||     9
       Potion            |       |     2 ||     2
 Stab: Sleeping          |     3 |    10 ||    13
Armor: Robe              |     8 |    10 ||    18
Dodge: Dodged            |    22 |    47 ||    69

Table legend: (Time is in decaauts)
 A = Elapsed time spent in this place.
 B = Non-inter-level travel time spent in this place.
 C = Inter-level travel time spent in this place.
 D = Time resting spent in this place.
 E = Time spent auto-exploring this place.
 F = Levels seen in this place.
 G = Mean time per level.
                   A        B        C        D        E       F      G
               +--------+--------+--------+--------+--------+-----+--------+
         Total |   3108 |   3008 |    100 |     17 |   2341 |   4 |  777.0 |
       Dungeon |   3108 |   3008 |    100 |     17 |   2341 |   4 |  777.0 |
               +--------+--------+--------+--------+--------+-----+--------+

Top non-repeatable levels by time:
     D:1: 1215 daAuts
     D:3: 1089 daAuts
     D:2: 671 daAuts
     D:4: 132 daAuts
